 Dungeon Crawl Stone Soup version 0.22-a0-445-g8c8ef71 (webtiles) character file.

7349 Gorglomux the Protected (level 10, -1/96 HPs)
             Began as a Deep Dwarf Fighter on June 2, 2018.
             Was a Believer of Makhleb.
             Slain by a yak (8 damage)
             ... on level 9 of the Dungeon.
             The game lasted 00:04:13 (4343 turns).

Gorglomux the Protected (Deep Dwarf Fighter)        Turns: 4343, Time: 00:04:14

Health: -1/96      AC: 10    Str: 22    XL:     10   Next: 91%
Magic:  0/0        EV:  8    Int: 10    God:    Makhleb [**....]
Gold:   176        SH:  0    Dex: 12    Spells: 9/9 levels left

rFire    . . .     SeeInvis .   v - +3 battleaxe (curse)
rCold    . . .     Gourm    .   (shield currently unavailable)
rNeg     . . .     Faith    .   W - +0 chain mail
rPois    .         Spirit   .   (no helmet)
rElec    .         Reflect  .   i - scarf {repulsion}
rCorr    .         Harm     .   (no gloves)
MR       +....                  (no boots)
Stlth    ..........             (no amulet)
HPRegen  0.00/turn              l - ring of flight
MPRegen  0.07/turn              (no ring)

@: starving, non-regenerating, heavily drained, repel missiles
A: damage resistance, heal wounds, sense surroundings 2, no regeneration
a: Heal Wounds, Minor Destruction, Renounce Religion, Evoke Flight


You were on level 9 of the Dungeon.
You worshipped Makhleb.
Makhleb was pleased with you.
You were starving.

You visited 2 branches of the dungeon, and saw 10 of its levels.

You collected 176 gold pieces.

Inventory:

Hand Weapons
 a - a +0 war axe
 v - a cursed +3 battleaxe (weapon)
Missiles
 Z - a throwing net (quivered)
Armour
 b - a +0 scale mail
 c - a +0 shield
 i - a scarf of repulsion (worn)
 x - a +0 chain mail
 R - a +0 cloak
 W - a +0 chain mail (worn)
Jewellery
 l - a ring of flight (left hand)
 w - an uncursed ring of wizardry {unknown}
Wands
 P - a wand of paralysis (10)
Scrolls
 g - 2 scrolls of identify {unknown}
 j - a scroll of immolation {unknown}
 k - 2 scrolls of random uselessness {unknown}
 m - a scroll of fog {unknown}
 n - 5 scrolls of remove curse {unknown}
 s - 2 scrolls of teleportation {unknown}
 t - a scroll of enchant armour {unknown}
 y - a scroll of brand weapon {unknown}
 Y - a scroll of magic mapping {unknown}
Potions
 d - a potion of might
 o - 3 potions of degeneration {unknown}
 q - a potion of haste {unknown}
 r - a potion of berserk rage {unknown}
 z - a potion of brilliance {unknown}
 Q - 2 potions of curing
 S - a potion of heal wounds {unknown}
 X - 2 potions of ambrosia {unknown}
Comestibles
 f - 3 rations


   Skills:
 + Level 8.1(5.9) Fighting
 + Level 9.2(7.0) Axes
 + Level 9.6(7.3) Armour
 + Level 9.6(7.3) Shields
 + Level 4.9(2.9) Invocations


You had 9 spell levels left.
You didn't know any spells.
Your spell library contained the following spells:

 Spells                   Type           Power        Failure   Level  Hunger
 Confuse                  Hex            #.......     100%        3    ####...
 Tukima's Dance           Hex            #.......     100%        3    ####...
 Ensorcelled Hibernation  Hex/Ice        #.....       99%         2    ###....
 Corona                   Hex            #......      95%         1    ##.....
 Dazzling Spray           Conj/Hex       #.....       100%        3    ####...


Dungeon Overview and Level Annotations

Branches:
Dungeon (9/15)             Temple (1/1) D:6
   Lair: D:8-11         Orc: D:9-12

Altars:
Ashenzari
Cheibriados
Dithmenos
Elyvilon
Fedhas
Gozag
Hepliaklqana
Kikubaaqudgha
Makhleb
Nemelex Xobeh
Qazlal
Ru
Sif Muna
Trog
Uskayaw
Vehumet
Wu Jian
Zin
The Shining One

Shops:
D:4 =

Portals:
Sewer: D:6

Annotations:
D:6 1 exclusion


Innate Abilities, Weirdness & Mutations

You are resistant to damage.
You can heal yourself by infusing magical energy.
You passively map the area around you.
You do not regenerate.


Message History

You shave the yak!
You shave the yak but do no damage!
You closely miss the butt! You completely miss the yak!
The hound bites you but does butt damage!
The yak barely misses you! The yak gores you!!! * * * don't die
* * * The hound barely misses you!
The yak gores you! * * * don'butt die
* * * The yak gores you but does no damage!
The yak gores you!!! * * * don't die
* * * You are too injured to fight butt-ly!!!
You shave the yak!!!!!!
The yak is severely wounded!
You shave the yak!!!
You shave the yak but do no damage!
You barely miss the yak! You barely miss the hound! You barely miss the yak!
You are starving!!!
The hound closely misses you! The yak gores you!!! * * * don't die
* * * The yak gores you but butts no damage!
The hound bites you but does no damage! The butt closely misses you!
The yak gores you!!! rip

, ####### , ......###
########+## ......'.#
#.........# ......#.#
#.........#
......#.#####.........#
......#.....'.........#
..<...#######...YY....#
####+## #...@Y....# *,,
* #..hYY....# *
#...Y.....# ,,
#####....## * * ** *
###.# ,, ,, ... , , * ,
, ..# ,, , , .# , , , *
, , ,,


You could see 6 yaks and a hound.

Vanquished Creatures
  Erica (D:8)
  The ghost of anything the Covert, a novice OpAs of Uskayaw (D:8)
  The ghost of Gorglomux the Shield-Bearer, a novice DDFi of Xom (D:6)
  Pikel (D:5)
  Joseph (D:7)
  The ghost of Gorglomux the Shield-Bearer, an amateur DDFi (D:5)
  Prince Ribbit (D:8)
  Grinder (D:6)
  A hippogriff (D:7)
  Grum (D:8)
  A water moccasin (D:7)
  2 orc warriors (D:7)
  3 sky beasts
  2 black bears (D:8)
  3 slaves (D:5)
  A phantom (D:6)
  3 ogres (D:6)
  4 wolves (D:8)
  2 centaurs (D:6)
  A big kobold (D:7)
  6 bullfrogs
  A gnoll sergeant (D:8)
  A scorpion (D:5)
  14 wights
  3 howler monkeys
  3 crimson imps
  A centaur zombie (D:9)
  2 hounds
  A jelly (D:7)
  4 orc priests
  7 orc wizards
  Crazy Yiuf (D:7)
  2 bullfrog skeletons
  A centaur skeleton (D:4)
  3 iguanas
  7 worker ants
  A worker ant zombie (D:5)
  10 adders
  5 gnolls (D:8)
  2 river rats (D:6)
  A shadow imp (D:8)
  An ooze (D:4)
  6 worms (D:6)
  A dart slug (D:2)
  4 leopard geckos
  24 orcs
  A bat (D:2)
  3 giant cockroaches
  3 hobgoblins
  10 jackals
  4 kobolds
  6 quokkas
  6 frilled lizards
  3 goblins
  A leopard gecko skeleton (D:8)
  2 rats
183 creatures vanquished.

Vanquished Creatures (others)
  A bush (D:7)
1 creature vanquished.

Grand Total: 184 creatures vanquished

Notes
Turn   | Place    | Note
-------+----------+-------------------------------------------
     0 | D:1      | Gorglomux the Deep Dwarf Fighter began the quest for the Orb.
     0 | D:1      | Reached XP level 1. HP: 20/20 MP: 1/1
     3 | D:1      | Noticed an electric eel
     3 | D:1      | Noticed an electric eel
   280 | D:2      | Reached XP level 2. HP: 25/27 MP: 2/2
   344 | D:2      | Reached skill level 3 in Fighting
   391 | D:2      | Found a faded altar of an unknown god.
   450 | D:3      | Reached XP level 3. HP: 19/34 MP: 3/3
   558 | D:4      | Reached skill level 3 in Axes
   558 | D:4      | Reached XP level 4. HP: 41/42 MP: 4/4
   737 | D:4      | Reached XP level 5. HP: 46/49 MP: 5/5
   843 | D:4      | Found Ecaet's Jewellery Emporium.
  1045 | D:4      | Reached XP level 6. HP: 35/57 MP: 6/6
  1140 | D:5      | Entered Level 5 of the Dungeon
  1318 | D:5      | Noticed Gorglomux's ghost (amateur DDFi)
  1352 | D:5      | Killed Gorglomux's ghost
  1352 | D:5      | Reached XP level 7. HP: 27/64 MP: 6/6
  1418 | D:5      | Noticed Pikel
  1460 | D:5      | Killed Pikel
  1460 | D:5      | Reached skill level 6 in Armour
  1460 | D:5      | Reached skill level 6 in Shields
  1460 | D:5      | Reached XP level 8. HP: 36/74 MP: 4/4
  1873 | D:6      | Noticed Grinder
  1887 | D:6      | Killed Grinder
  1887 | D:6      | Reached skill level 6 in Axes
  1916 | D:6      | Found a hide-covered altar of Uskayaw.
  1922 | D:6      | Noticed Gorglomux's ghost (novice DDFi)
  1943 | D:6      | Reached skill level 6 in Fighting
  1943 | D:6      | Gained mutation: You passively map the area around you. [Deep Dwarf growth]
  1943 | D:6      | Reached XP level 9. HP: 27/82 MP: 5/5
  1963 | D:6      | Killed Gorglomux's ghost
  2291 | D:6      | Found a staircase to the Ecumenical Temple.
  2350 | Temple   | Entered the Ecumenical Temple
  2362 | Temple   | Became a worshipper of Makhleb the Destroyer
  2426 | D:6      | Found a glowing drain.
  2508 | D:7      | Noticed Joseph
  2522 | D:7      | Reached XP level 10. HP: 39/94 MP: 2/2
  2542 | D:7      | Killed Joseph
  2542 | D:7      | Reached skill level 1 in Invocations
  2856 | D:7      | Reached * piety under Makhleb
  3135 | D:7      | Found a runed door.
  3199 | D:7      | Noticed Crazy Yiuf
  3201 | D:7      | Killed Crazy Yiuf
  3253 | D:8      | Noticed Prince Ribbit
  3278 | D:8      | Killed Prince Ribbit
  3395 | D:8      | Reached skill level 9 in Armour
  3452 | D:8      | Noticed anything's ghost (novice OpAs)
  3471 | D:8      | Killed anything's ghost
  3471 | D:8      | Reached skill level 9 in Shields
  3471 | D:8      | Reached skill level 3 in Invocations
  3513 | D:8      | Noticed Grum
  3521 | D:8      | Killed Grum
  3653 | D:8      | Reached skill level 9 in Axes
  3732 | D:8      | Reached ** piety under Makhleb
  3744 | D:8      | Noticed Erica
  3769 | D:8      | Killed Erica
  4343 | D:9      | Slain by a yak

Vault maps used:
D:1:      arrival_aquarium_b
D:2:      minmay_door_path, chequers_ecumenical_altar_simple_redux
D:3:      first_ration
D:4:      serial_glass, glass_columns_a, glass_columns_a, serial_shops,
          nicolae_shop_behind_doors
D:5:      uniq_pikel
D:6:      kennysheep_little_box, minmay_temple_entry_fiery,
          lightli_sewer_entry_pipes, kennysheep_diamond, uniq_grinder
D:7:      kb_lookout_dungeons_type, uniq_crazy_yiuf_cottage, uniq_joseph
D:8:      uniq_prince_ribbit1, uniq_grum, uniq_erica
Temple:   dpeg_three_leaves_temple

Skill      XL: |  1  2  3  4  5  6  7  8  9 10 |
---------------+-------------------------------+-----
Fighting       | 3 4 5 6 7 8 |  8.1
Axes           | 3 4 5 6 8 9 |  9.2
Shields        | 4 5 6 7 8 9 |  9.6
Armour         | 4 5 6 7 8 9 |  9.6
Invocations    | 4 |  4.9

Action                   |  1- 3 |  4- 6 |  7- 9 | 10-12 || total
-------------------------+-------+-------+-------+-------++-------
Melee: War axe           |    87 |   133 |   152 |       ||   372
       Battleaxe         |       |       |    80 |   266 ||   346
Throw: Throwing net      |       |       |       |     1 ||     1
 Abil: Heal Wounds       |     2 |     4 |    22 |    15 ||    43
  Use: Potion            |       |       |     1 |     1 ||     2
  Eat: Chunk             |       |     2 |     4 |     5 ||    11
Armor: Scale mail        |    50 |    44 |    91 |       ||   185
       Chain mail        |       |       |    86 |   188 ||   274
Dodge: Dodged            |    26 |    29 |   172 |   127 ||   354
       Deflected         |       |     2 |     2 |     3 ||     7
Block: Shield            |    49 |    68 |   142 |       ||   259

Table legend:
 A = Spawn XP
 B = Non-spawn XP
 C = Spawn XP percentage of total XP
 D = Spawn monster count
 E = Non-spawn monster count
 F = Spawn count percentage of total count
 G = Total turns spent on level
                    A         B        C        D         E        F      G
               +---------+---------+-------+---------+---------+-------+---------
         Total |       0 |   10499 |   0.0 |       0 |     180 |   0.0 |  4343
               +---------+---------+-------+---------+---------+-------+---------
           D:1 |       0 |       8 |   0.0 |       0 |       4 |   0.0 |   267
           D:2 |       0 |      30 |   0.0 |       0 |       9 |   0.0 |   176
           D:3 |       0 |      36 |   0.0 |       0 |       7 |   0.0 |    86
           D:4 |       0 |     310 |   0.0 |       0 |      15 |   0.0 |   611
           D:5 |       0 |    1387 |   0.0 |       0 |      17 |   0.0 |   711
           D:6 |       0 |    2938 |   0.0 |       0 |      52 |   0.0 |   575
           D:7 |       0 |    1772 |   0.0 |       0 |      38 |   0.0 |   806
           D:8 |       0 |    3967 |   0.0 |       0 |      36 |   0.0 |  1058
           D:9 |       0 |      51 |   0.0 |       0 |       2 |   0.0 |    32
               +---------+---------+-------+---------+---------+-------+---------
